 Dungeon Crawl Stone Soup version 0.20-a0-939-g04f5055 (webtiles) character file.

1058 Gorglomux the Digger (level 8, -2/52 HPs)
             Began as a Barachi Earth Elementalist on Mar 30, 2017.
             Slain by a hound (6 damage)
             ... on level 6 of the Dungeon.
             The game lasted 00:16:28 (6776 turns).

Gorglomux the Digger (Barachi Earth Elementalist)   Turns: 6776, Time: 00:16:29

Health: -2/52      AC:  3    Str: 10    XL:     8   Next: 27%
Magic:  0/15       EV: 12    Int: 17    God:
Gold:   213        SH:  0    Dex: 13    Spells: 9/17 levels left

rFire    . . .     SeeInvis .   F - +1 dagger (elec)
rCold    . . .     Gourm    .   (no shield)
rNeg     . . .     Faith    .   c - +0 robe
rPois    .         Spirit   .   (no helmet)
rElec    .         Reflect  .   a - +0 cloak
rCorr    .         Harm     .   (no gloves)
MR       .....                  (no boots)
Stlth    ++........             (no amulet)
Regen    0.2/turn               (no ring)
MPRegen  0.2/turn               (no ring)

@: can't hop, slow
A: +LOS, swims, slowness 1, strong legs 1
a: Hop


You were on level 6 of the Dungeon.
You were not hungry.

You visited 1 branch of the dungeon, and saw 6 of its levels.

You collected 213 gold pieces.

Inventory:

Hand Weapons
 g - a +0 dagger
   (You found it on level 1 of the Dungeon)
 q - a +0 whip
   (You took it off a kobold on level 1 of the Dungeon)
 t - a +1 dagger of electrocution
   (You took it off a kobold on level 2 of the Dungeon)
 F - a +1 dagger of electrocution (weapon)
   (You took it off an orc wizard on level 6 of the Dungeon)
Missiles
 b - 197 stones (quivered)
Armour
 a - a +0 cloak (worn)
   (You found it on level 1 of the Dungeon)
 c - a +0 robe (worn)
Wands
 w - a wand of flame (16/48)
   (You found it on level 3 of the Dungeon)
Scrolls
 f - 3 scrolls of enchant weapon {unknown}
 l - a scroll of fog {unknown}
 m - 4 scrolls of identify {unknown}
 p - a scroll of magic mapping {unknown}
 r - a scroll of noise {unknown}
 u - a scroll of fear {unknown}
 v - 3 scrolls of remove curse {unknown}
 x - 2 scrolls of enchant armour {unknown}
 y - a scroll of amnesia {unknown}
Potions
 h - a potion of lignification {unknown}
 i - 2 potions of mutation {unknown}
 k - a potion of might {unknown}
 n - a potion of flight {unknown}
 s - 3 potions of curing {unknown}
 z - a potion of cancellation {unknown}
 B - a potion of invisibility {unknown}
 C - a potion of agility {unknown}
 D - a potion of heal wounds {unknown}
Books
 e - a book of Geomancy
 G - a book of Misfortune
   (You found it on level 6 of the Dungeon)
Comestibles
 d - 3 bread rations {@e1@e1}
 j - 5 fruits
 o - 3 meat rations {@e2@e2}
 A - a royal jelly


   Skills:
 - Level 2.1 Dodging
 - Level 1.7 Stealth
 + Level 5.0 Spellcasting
 + Level 4.4 Conjurations
 - Level 1.1 Transmutations
 * Level 7.6 Earth Magic


You had 9 spell levels left.
You knew the following spells:

 Your Spells              Type           Power        Failure   Level  Hunger
a - Sandblast             Erth           ####..       1%          1    None
c - Petrify               Tmut/Erth      ###.....     24%         4    ####...
x - Stone Arrow           Conj/Erth      ###...       4%          3    ###....


Dungeon Overview and Level Annotations

Branches:
Dungeon (6/15)
 Temple: D:4-7

Altars:
Ashenzari
Dithmenos
Okawaru
Zin

Annotations:
D:3 Grinder
D:5 exclusion: 2 doors
D:6 Dowan, Duvessa


Innate Abilities, Weirdness & Mutations

Shadows flee at your approach. (+LOS)
You can swim through water.
You cover ground slowly.
You can hop short distances.


Message History

b - 207 stones The crimson imp closely misses you.
The white imp gestures at you. The puff of frost misses you.
The puff of frost hits Eustachio.
Eustachio screams, "Hey, you killed my favourite bat!"
Eustachio hits you but does no damage.
You now have 5/15 mp.
Aim: Eustachio, wielding a long sword of protection and wearing a dyed leather armour (almost dead)
The blast of sand hits Eustachio.
b - 206 stones The crimson imp hits you.
The white imp hits you. The white imp freezes you.
You take 8 damage, and have 23/52 hp.
You now have 4/15 mp.
Aim: Eustachio, wielding a long sword of protection and wearing a dyed leather armour (almost dead)
The blast of sand hits Eustachio.
b - 205 stones The crimson imp hits you but does no damage.
Eustachio barely misses you. The white imp gestures at you.
The puff of frost hits you!
* * * LOW HITPOINT WARNING * * *
You take 12 damage, and have 11/52 hp.
MASSIVE DAMAGE!!
You now have 3/15 mp.
Aim: Eustachio, wielding a long sword of protection and wearing a dyed leather armour (almost dead)
The blast of sand hits Eustachio.
b - 204 stones The crimson imp hits you but does no damage.
Eustachio hits you but does no damage. The white imp barely misses you.
You now have 2/15 mp.
Unknown command.
Aim: Eustachio, wielding a long sword of protection and wearing a dyed leather armour (almost dead)
The blast of sand hits Eustachio.
b - 203 stones The crimson imp hits you.
* * * LOW HITPOINT WARNING * * *
Eustachio closely misses you.
The white imp hits you but does no damage.
You take 2 damage, and have 9/52 hp.
You now have 1/15 mp.
Aim: Eustachio, wielding a long sword of protection and wearing a dyed leather armour (almost dead)
The blast of sand hits Eustachio.
b - 202 stones The crimson imp blinks!
Eustachio hits you with a long sword of protection!
* * * LOW HITPOINT WARNING * * *
The white imp closely misses you.
You take 6 damage, and have 3/52 hp.
Aim: Eustachio, wielding a long sword of protection and wearing a dyed leather armour (almost dead)
The blast of sand hits Eustachio.
b - 201 stones Eustachio misses you.
The white imp gestures at you. The puff of frost misses you.
The puff of frost hits Eustachio.
Eustachio dies!
The crimson imp disappears in a puff of smoke!
The white imp disappears in a puff of smoke!
Your Spellcasting skill increases to level 5!
You now have 0/15 mp.
The floor.
Your magical contamination has completely faded away.
Things that are here:
a long sword of protection; a dyed leather armour the human corpse of Eustachio You butcher the human corpse of Eustachio.
E - a chunk of flesh {@w0@w0}
Things that are here:
a long sword of protection; a dyed leather armour Eating a chunk of flesh {@w0@w0}.
You eat the chunk of flesh {@w0@w0}.
Okay, then.
You start resting.
A jackal comes into view.
Unknown command.
Unknown command.
The jackal moves out of view.
A hound comes into view.
The hound barks!
Aim: a hound
Okay, then.
Aim: a hound The blast of sand hits the hound.
b - 200 stones You now have 2/15 mp.
Hop to where?
Boing!
You can't see any susceptible monsters within range! (Use Z to cast anyway.)
You don't have enough magic to cast that spell.
Aim: a hound (lightly wounded)
The blast of sand misses the hound.
b - 199 stones You now have 1/15 mp.
Aim: a hound (lightly wounded)
The blast of sand misses the hound.
b - 198 stones The hound barely misses you.
Aim: a hound (lightly wounded)
The blast of sand hits the hound.
b - 197 stones The hound bites you.
* * * LOW HITPOINT WARNING * * *
The hound bites you.
You die...

###........###..#
..............##
.#########.###.#
#.# #.# #.# #.#
..# #.##...e...
..Z.... .##
#..##.[...e
...... #.
##.h##.....§...h.
#.
##@.##.........
#. ##.(##...§...
##..##.Y...
##..##...
##..##+# ##....#
###..# #.## #.#


You could see a hound.

Vanquished Creatures
  A water moccasin (D:6)
  A sky beast (D:6)
  An ogre (D:3)
  A crimson imp (D:5)
  2 orc priests
  A bullfrog skeleton (D:4)
  6 hounds
  5 iguanas
  2 orc wizards
  A hound zombie (D:6)
  A worker ant zombie (D:5)
  8 adders
  2 shadow imps
  An ooze (D:3)
  3 adder skeletons
  A worm (D:3)
  A dart slug (D:3)
  4 leopard geckos
  7 orcs
  A ball python (D:1)
  2 giant cockroaches (D:1)
  3 goblins
  4 hobgoblins
  4 jackals (D:5)
  4 quokkas
  5 bats
  6 frilled lizards
  13 kobolds
  A quokka zombie (D:5)
  5 rats
97 creatures vanquished.

Vanquished Creatures (others)
  Eustachio (D:6)
1 creature vanquished.

Grand Total: 98 creatures vanquished

Notes
Turn   | Place    | Note
-------+----------+-------------------------------------------
     0 | D:1      | Gorglomux the Barachi Earth Elementalist began the quest for the Orb.
     0 | D:1      | Reached XP level 1. HP: 13/13 MP: 3/3
   397 | D:1      | Found a shattered altar of Ashenzari.
   438 | D:1      | Reached XP level 2. HP: 15/19 MP: 5/5
   942 | D:1      | Reached XP level 3. HP: 22/24 MP: 6/6
  1001 | D:1      | Learned a level 3 spell: Stone Arrow
  1812 | D:2      | Reached skill level 4 in Earth Magic
  2114 | D:2      | Reached XP level 4. HP: 20/30 MP: 0/8
  2356 | D:2      | Reached skill level 3 in Spellcasting
  2786 | D:3      | Reached skill level 1 in Conjurations
  2871 | D:3      | Noticed Grinder
  2995 | D:3      | Reached XP level 5. HP: 35/35 MP: 4/9
  3144 | D:3      | Learned a level 4 spell: Petrify
  3191 | D:3      | Noticed an ogre
  3203 | D:3      | Killed an ogre
  3203 | D:3      | Reached skill level 5 in Earth Magic
  3431 | D:3      | Reached skill level 2 in Conjurations
  3645 | D:3      | Reached XP level 6. HP: 38/41 MP: 0/11
  3976 | D:4      | Found a shattered altar of Ashenzari.
  4390 | D:4      | Found an iron altar of Okawaru.
  4406 | D:4      | Reached skill level 6 in Earth Magic
  4628 | D:4      | Reached skill level 4 in Spellcasting
  4628 | D:4      | Reached XP level 7. HP: 46/46 MP: 5/13
  4899 | D:5      | Entered Level 5 of the Dungeon
  5113 | D:5      | Reached skill level 3 in Conjurations
  5314 | D:5      | Found a shadowy altar of Dithmenos.
  6442 | D:6      | Found a glowing silver altar of Zin.
  6477 | D:6      | Reached skill level 4 in Conjurations
  6477 | D:6      | Reached skill level 7 in Earth Magic
  6477 | D:6      | Reached XP level 8. HP: 36/52 MP: 2/15
  6615 | D:6      | Noticed Duvessa
  6616 | D:6      | Noticed Dowan
  6732 | D:6      | Noticed Eustachio
  6745 | D:6      | HP: 11/52 [white imp/puff of frost[Eustachio] (12)]
  6748 | D:6      | HP: 3/52 [Eustachio/long sword of protection (7)]
  6749 | D:6      | Killed Eustachio
  6749 | D:6      | Reached skill level 5 in Spellcasting
  6776 | D:6      | HP: 4/52 [hound (4)]
  6776 | D:6      | Slain by a hound

Vault maps used:
D:1:      dpeg_arrival_boxorama, evilmike_ruin_ashenzari
D:3:      grunt_ministairs_1, kennysheep_generic_room_5, uniq_grinder
D:4:      lemuel_coloured_pillars_altar, eino_curves_03, okawaru_trees_2
D:5:      minmay_goblin_kobold_castle, grunt_dithmenos_shadows, first_bread
D:6:      kennysheep_ying_yang, fedhas_altar_4, zin_statuary,
          kennysheep_diamond, uniq_pikel, uniq_eustachio, uniq_duvessa,
          uniq_edmund

Skill      XL: |  1  2  3  4  5  6  7  8 |
---------------+-------------------------+-----
Earth Magic    | 4 5 6 7 |  7.6
Spellcasting   | 3 4 5 |  5.0
Conjurations   | 1 2 4 |  4.4
Dodging        | |  2.1
Stealth        | |  1.7
Transmutations | |  1.1

Action                   |  1- 3 |  4- 6 |  7- 9 || total
-------------------------+-------+-------+-------++-------
Melee: Dagger            |   101 |   105 |    82 ||   288
       Whip              |     9 |       |       ||     9
Throw: Stone             |     7 |     9 |     2 ||    18
 Cast: Sandblast         |     7 |     5 |    29 ||    41
       Stone Arrow       |     7 |    20 |    26 ||    53
 Abil: Hop               |       |     1 |     4 ||     5
 Stab: Sleeping          |     2 |     2 |       ||     4
  Eat: Chunk             |     5 |    11 |     8 ||    24
       Fruit             |       |       |     3 ||     3
Armor: Robe              |    20 |    19 |    25 ||    64
Dodge: Dodged            |    82 |    84 |    75 ||   241

Vault maps used:
D:1:      dpeg_arrival_boxorama, evilmike_ruin_ashenzari
D:3:      grunt_ministairs_1, kennysheep_generic_room_5, uniq_grinder
D:4:      lemuel_coloured_pillars_altar, eino_curves_03, okawaru_trees_2
D:5:      minmay_goblin_kobold_castle, grunt_dithmenos_shadows, first_bread
D:6:      kennysheep_ying_yang, fedhas_altar_4, zin_statuary,
          kennysheep_diamond, uniq_pikel, uniq_eustachio, uniq_duvessa,
          uniq_edmund

Table legend:
 A = Turns spent in this place as a percentage of turns spent in the entire game.
 B = Non-inter-level travel turns spent in this place as a percentage of non-inter-level travel turns spent in the entire game.
 C = Inter-level travel turns spent in this place as a percentage of turns spent in this place.
 D = Turns resting spent in this place as a percentage of non-inter-level travel turns spent in this place.
 E = Turns spent auto-exploring this place as a percentage of non-inter-level travel turns spent in this place.
 F = Non-inter-level travel turns spent in this place divided by the number of levels of this place that you've seen.
                   A       B       C       D       E      F
               +-------+-------+-------+-------+-------+----------------------
         Total | 100.0 | 100.0 |   0.5 |   5.6 |   6.7 | 294.2
       Dungeon | 100.0 | 100.0 |   0.5 |   5.6 |   6.7 | 294.2
               +-------+-------+-------+-------+-------+----------------------

Table legend:
 A = Kills in this place as a percentage of kills in entire the game.
 B = Kills by you in this place as a percentage of kills by you in the entire game.
 C = Kills by friends in this place as a percentage of kills by friends in the entire game.
 D = Other kills in this place as a percentage of other kills in the entire game.
 E = Experience gained in this place as a percentage of experience gained in the entire game.
 F = Experience gained in this place divided by the number of levels of this place that you have seen.
                   A       B       C       D       E      F
               +-------+-------+-------+-------+-------+----------------------
         Total | 100.0 | 100.0 |  -nan | 100.0 | 100.0 | 252.0
       Dungeon | 100.0 | 100.0 |  -nan | 100.0 | 100.0 | 252.0
               +-------+-------+-------+-------+-------+----------------------
